← All builds
Pond / Armada / Economy first / OBSERVED BUILD

Fatboy buy

Armada Pond build order · Supreme Isthmus

Pond funds Tech to produce a Fatboy from 5:04 and gets it delivered by Hephaestus to push the front early.

#team support #push · 457 distinct matches · 112 players · 25% of Armada Pond games · team won 48% of 494 · Recently observed

THE CATCH, AND WHAT COMES WITH IT
  • FatboyFatboy from Tech arrives 5:04 · 21% of role by thenTech makes it and hands it over.
  • HephaestusHeavy transport from an ally in 80%21% of all Pond games by then

Paid for by sending allies about 1,100 metal and 13,000 energy by 5:00; standard pond sends 0 metal and 9,000 energy.

Where those units first fight, in 464 games with kill data: in the middle 86%, on their own side 14%.

Those units destroy a typical 2,928 metal of enemy units by 15:00.

Then transitions into tick (31% of army), pawn (15% of army), blitz (8% of army).

HOW TO PLAY IT

Key timing: Fatboy to front by 5:02

  1. Open tidals and mex, add wind as usual Pond eco.
  2. Grab a heavy transport from air to fly it forward.
  3. Send Tech heavy metal and energy to buy a Fatboy.
  4. Get Fatboy handed over from Tech's factory for front.
  5. Fight in middle with Fatboy, then return to normal Tick and Pawn lab output.

Phase by phase

TYPICAL OF ITS 457 GAMES · AGAINST STANDARD POND
  1. 1
  2. 2
PLAY THE OPENING

Follow the example game's first 6:05 step by step: what to build now, what comes next, and where it goes. At 1× it keeps pace with your own game.

  1. 1

    Up to the Bot Lab

    Economy
    • Metal Extractor4Mex
    • Wind Turbine10Wind
    • Tidal Generator8Tidalfor allies
    • Tidal Generator1Tidal
    • Energy Converter2Converter
    • Energy Storage1Energy storage
    Order
    1. Bot LabBot Lab after 4 mex, 11 wind, 2 converterdone ~5:55, middle half 4:53–6:59

    The standard build makes here, this one skips: 2 con bot

    By 5:27 in all: 4 mex · 10 wind · 1 tidal · 2 converter · 1 energy storage

    The example game in this phase · 32 steps
    1. Tidal ×8for Suicide front
    2. Tidal ×2
    3. Mex ×4
    4. Wind
    5. Energy storage
    6. Wind ×8
    7. Converter ×3
    8. Wind ×3
    9. Aircraft PlantAircraft Plantdone 5:46
    10. StorkLight transportfor Tech
    11. OspreyHeavy transport
    12. StorkLight transport
    13. FalconFighter ×2
    14. StorkLight transport
    15. Construction AircraftCon aircraft
    16. Con turret
    17. StorkLight transportfor Tech
    18. Construction AircraftCon aircraft
    19. StorkLight transportfor Tech
    20. Wind
    21. Advanced Metal ExtractorT2 mexdone 9:08 · typical 9:52
    22. Wind ×3
    23. Construction AircraftCon aircraft
    24. Wind
    25. Solar
    26. Wind ×3
    27. OspreyHeavy transport
    28. Wind ×2
    29. Advanced Metal ExtractorT2 mex
    30. Wind ×7
    31. Aircraft PlantEat Aircraft Plantreclaimed for its metal
    32. Bot LabBot Labdone 10:08 · typical 5:55
  2. 2

    Bot Lab to 10:00

    Economy
    • Wind Turbine7Wind−20 vs standard
    Builders
    • Construction Turret1 Con turret
    • Construction Bot2 Con bot +2 vs standard
    Army
    • Tick6 Tick +6 vs standard

    Some games also: Lazarus (45%) · converter (34%) · eat Bot Lab (37%)

    The standard build makes here, this one skips: 6 converter

    By 10:00 in all: 4 mex · 22 wind (standard 38) · 1 tidal · 4 converter (standard 9) · 1 energy storage · 2 con turret

    The example game in this phase · 14 steps
    1. Wind ×2
    2. TickTick ×6
    3. Advanced Metal ExtractorT2 mex
    4. TickTick ×6
    5. Wind
    6. TickTick ×7
    7. Wind
    8. TickTick ×6
    9. SentrySentry
    10. Wind
    11. TickTick ×4
    12. Wind
    13. TickTick ×9
    14. Advanced Metal ExtractorT2 mex

Counts are medians over the build's games: half of them build more, half fewer. The example game is Zetherite's (31 OS, 05/08/2026); pick another.

Team trades

IN AT LEAST 30% OF ITS GAMES

You hand over

  • Tidal Generator8 Tidal to Suicide front or Frontfirst at 0:10 · in 97% of games

You get

  • Hephaestus1 Heavy transport from Air or Techfirst at 4:50 · in 82% of games
  • Fatboy1 Fatboy from Techfirst at 5:04 · in 100% of games
  • Advanced Construction Bot1 T2 con bot from Techfirst at 8:14 · in 96% of games

How it plays out

Typical game of this build against the role’s standard build, running totals by minute

  • This build
  • Standard pond

Metal produced

010k20k30k
0:005:0010:0015:00

metal

Enemy metal destroyed

02k4k6k
0:005:0010:0015:00

metal

Own metal lost

02k4k
0:005:0010:0015:00

metal

Metal sent to allies

01k2k
0:005:0010:0015:00

metal

Energy sent to allies

020k40k60k
0:005:0010:0015:00

metal

494 games.

Show as table
ByMetal produced: This buildMetal produced: Standard pondEnemy metal destroyed: This buildEnemy metal destroyed: Standard pondOwn metal lost: This buildOwn metal lost: Standard pondMetal sent to allies: This buildMetal sent to allies: Standard pondEnergy sent to allies: This buildEnergy sent to allies: Standard pond
1:0011511500000012911282
2:0026926800000026062781
3:0080979900000039864436
4:00148814730000404064756138
5:0022222185000011111131118989
6:0029792995000013892321827612657
7:0038143910360210014744372142815669
8:0047024948126017018911715674632425519216
9:0056626223205237946231616174682659021289
10:0067947705297461194555216514902925923110
11:00824296453532842145185517325183065026170
12:00991812052390411691872128917525243236327931
13:001215814538440215532329187618036263529330525
14:001450917427487721342914253518586653855631558
15:001707820188536925993479324919377084210232681
WHAT THE NUMBERS SAY

Same win rate as the standard build but destroys far more enemy metal by 15:00 at the cost of much higher own metal production lost.

  • + Destroys 5806 enemy metal by 15:00 vs 2962 standard.
  • + Reclaims Bot Lab in 39% of games to recoup metal.
  • − Own metal lost roughly doubles by 10:00 (988 vs 440).
  • − Metal production falls behind standard by 15:00 (17452 vs 20971).
THE EXAMPLE YOU ARE READING

Zetherite

31.1 OS · 05/08/2026

Open source match ↗

4 received units · includes a constructor
512 metal received · 19943 energy received

Allied construction assistance is unknown. Timings are observations, not a promise of solo reproducibility.

Typical milestones

Bot Lab5:55Middle 50%: 4:53–6:59 · n=441
Advanced Metal Extractor9:52Middle 50%: 9:06–10:35 · n=467

Played most by

Teaner43games of this buildHummell20games of this buildDRM17games of this build_X_17games of this build[Grump]Grumpiness16games of this build